AoeStats
← nicolasgatica6

MegaRandom

507208730Analyzed
2v2 RM · 17d ago on Sep 17, 2026· 40m 29s· 4 players
Game mode
Random Map
Map size
Medium (4 player)
Population
200
Speed
Normal
Resources
Standard
Victory
Conquest
Starting age
Dark Age
Ending age
Imperial Age
RankedLock teamsTeams togetherTeam positionsShared explorationLock speedFull tech treeHidden civsTurbo modeCheats
Victory
Defeat
🇨🇷 Mongols · Costa Rica
1029
+11
🇨🇷 Goths · Costa Rica
919
+16
🇵🇪 Portuguese · Peru
958
-15
🇨🇱 Khmer · Chile
888
-35
nicolasgatica6
10:50 Feudal Age
12:15 Wheelbarrow
15:02 Town Watch
21:27 Loom
hlsg20002000
13:59 Feudal Age
14:44 Double-Bit Axe
15:48 Loom
21:40 Castle Age
23:45 Husbandry
23:47 Pikeman
25:12 Fletching
28:13 Atonement
29:19 Redemption
30:46 Wheelbarrow
30:12 Gold Mining
B£RS£Rk£R
12:33 Feudal Age
12:14 Loom
13:03 Man-at-Arms
15:29 Double-Bit Axe
21:47 Castle Age
24:35 Bow Saw
24:21 Stone Mining
24:21 Gold Mining
25:23 Scale Mail Armor
25:34 Forging
25:31 Squires
24:55 Long Swordsman
28:21 Wheelbarrow
30:12 Chain Mail Armor
29:53 Horse Collar
32:12 Anarchy
33:22 Iron Casting
35:06 Hand Cart
39:43 Imperial Age
37:45 Heavy Plow
38:30 Loom
40:40 Perfusion
40:01 Elite Huskarl
rafael9530
5:53 Loom
12:06 Feudal Age
19:56 Castle Age
25:08 Fletching
25:47 Bodkin Arrow
29:14 Ballistics
36:38 Imperial Age
40:18 Bracer
Connection lost

Rejoining the realm…

Still unreachable

The connection could not be restored.

Session expired

The server has moved on; the page needs a fresh start.